 Dungeon Crawl Stone Soup version 0.32-a0-460-gc8eefc90e7 (webtiles) character file.

Game seed: 16632962837588631460

155 Morbidden the Vexing (level 5, -7/38 HPs)
             Began as a Formicid Hexslinger on Feb 24, 2024.
             Mangled by a gnoll
             ... wielding a +0 whip
              (8 damage)
             ... on level 3 of the Dungeon.
             The game lasted 00:03:03 (1655 turns).

Morbidden the Vexing (Formicid Hexslinger)          Turns: 1655, Time: 00:03:04

Health: -7/38      AC:  5    Str: 13    XL:     5   Next: 63%
Magic:  7/7        EV: 16    Int: 12    God:
Gold:   134        SH:  0    Dex: 18    Spells: 4/7 levels left

rFire   . . .        b - +0 dagger (venom)
rCold   . . .        (no shield)
rNeg    . . .        s - +0 ring mail
rPois   .            (helmet unavailable)
rElec   .            (no cloak)
rCorr   .            (no gloves)
SInv    +            (no boots)
Will    .....        o - amulet of magic regeneration
Stlth   +            f - +5 ring of evasion
HPRegen 0.26/turn    m - ring of flight
MPRegen 0.50/turn

%: no passive effects
@: flying
A: permanent stasis, dig shafts and tunnels, antennae 3, four strong arms
a: Dig, Shaft Self


You were on level 3 of the Dungeon.
You visited 1 branch of the dungeon, and saw 3 of its levels.

You collected 134 gold pieces.

Inventory:

Hand Weapons
 a - a +1 sling
 b - a +0 dagger of venom (weapon)
Missiles
 p - a throwing net
Armour
 r - a +0 chain mail
 s - a +0 ring mail (worn)
Jewellery
 f - a +5 ring of evasion (left hand)
 m - a ring of flight (right hand)
 o - an amulet of magic regeneration (around neck)
Scrolls
 d - a scroll of enchant weapon {unknown}
 e - a scroll of enchant armour {unknown}
 h - a scroll of revelation {unknown}
 k - a scroll of poison
 n - 2 scrolls of identify {unknown}
Potions
 g - 2 potions of curing {unknown}
 i - a potion of lignification {unknown}
 j - a potion of attraction {unknown}
 l - a potion of magic {unknown}
 q - 2 potions of invisibility {unknown}


   Skills:
 * Level 1.7 Fighting
 * Level 0.8 Short Blades
 * Level 4.0 Ranged Weapons
 * Level 1.1 Armour
 * Level 2.3 Dodging
 * Level 1.5 Spellcasting
 * Level 4.2 Hexes
 + Level 1.0 Fire Magic


You had 4 spell levels left.
You knew the following spells:

 Your Spells              Type           Power      Damage    Failure   Level
a - Sigil of Binding      Hex            11%        N/A       32%         3

Your spell library contained the following spells:

 Spells                   Type           Power      Damage    Failure   Level
 Jinxbite                 Hex            22%        N/A       16%         2
 Necrotise                Necr           0%         1d4       52%         1
 Inner Flame              Hex/Fire       7%         N/A       52%         3
 Cause Fear               Hex            5%         N/A       71%         4
 Vampiric Draining        Necr           0%         2d6       88%         3
 Dimensional Bullseye     Hex/Tloc       3%         N/A       94%         4
 Martyr's Knell           Necr/Summ      0%         N/A       99%         4
 Curse of Agony           Necr           0%         N/A       100%        5


Dungeon Overview and Level Annotations

Branches:
Dungeon (3/15)

Altars:
The Shining One

Annotations:
D:3 2 transporters, ongoing's ghost, amateur CoHu


Innate Abilities, Weirdness & Mutations

You cannot be hasted, slowed, berserked, paralysed or teleported.
You can dig through walls and to a lower floor.
You have a pair of large antennae on your head. (SInv)
Your four strong arms can wield two-handed weapons with a shield.


Message History

Unknown command.
Your +0 dagger of venom begins to drip with poison!
b - a +0 dagger of venom (weapon)
The gnoll barely misses you. The gnoll hits you with a +0 flail!
You hit the gnoll but do no damage.
The gnoll is poisoned.
The gnoll is almost dead.
The gnoll completely misses you. The gnoll hits you with a +0 flail.
Unknown command.
You barely miss the gnoll.
The gnoll is almost dead.
The gnoll hits you but does no damage.
The gnoll hits you from afar with a +0 halberd!
Unknown command.
Unknown command.
Unknown command.
Unknown command.
You kill the gnoll!
Your Ranged Weapons skill increases to level 4!
The gnoll throws a throwing net.
The throwing net barely misses you.
You see here a throwing net.
The gnoll throws a throwing net.
The throwing net hits you.
You become entangled in the net!
You see here a throwing net.
You struggle against the net.
Unknown command.
You struggle against the net.
You struggle against the net.
The gnoll hits you with a +0 whip.
You shred the net and break free! The gnoll misses you.
The gnoll hits you with a +0 whip.
Unknown command.
You reach down and open the door.
The gnoll barely misses you. The gnoll misses you.
There is an open door here.
The gnoll attacks as it pursues you! The gnoll misses you.
The gnoll attacks as it pursues you! The gnoll hits you with a +0 whip.
* * * LOW HITPOINT WARNING * * *
The gnoll attacks as it pursues you! The gnoll hits you with a +0 whip!
* * * LOW HITPOINT WARNING * * *
The gnoll attacks as it pursues you! The gnoll hits you with a +0 whip!
You die...

#.##.##.#.......# #.# #
#.##.##.#.###...# #.# #
#.##.##.#.###..[# #.# ##
#.##.##.#.......## #.# #.
#...............)## ##.## ##
####.########.....####.#.####.
#..## ##.......##.###...##
##...####..<......##.#....#.
#.......+..@...รท..)........#
##...####..g......####......
#..## ##.......## ##.##.# #.##
##.g...## ####.. #.# ##...##
#.# #.# ##'## #.. #.# #.# #.#
#.# #(# #.. #.# ##.## #.#


You could see 2 gnolls.

Vanquished Creatures
  A bombardier beetle (D:3)
  An orc priest (D:3)
  2 gnolls (D:3)
  4 dart slugs
  2 ribbon worms (D:3)
  3 orcs (D:3)
  6 ball pythons
  5 endoplasms
  3 giant cockroaches
  6 goblins
  6 hobgoblins
  7 kobolds
  3 quokkas (D:1)
  3 bats (D:1)
  A frilled lizard (D:1)
  3 rats
56 creatures vanquished.

Notes
Turn   | Place    | Note
-------+----------+-------------------------------------------
     0 | D:1      | Morbidden the Formicid Hexslinger began the quest for the
                  | Orb.
     0 | D:1      | Reached XP level 1. HP: 15/15 MP: 2/2
    29 | D:1      | Reached XP level 2. HP: 21/21 MP: 3/3
   241 | D:1      | Reached XP level 3. HP: 26/26 MP: 4/4
   845 | D:2      | Learned a level 3 spell: Sigil of Binding
   969 | D:2      | Found a glowing golden altar of the Shining One.
   979 | D:2      | Reached XP level 4. HP: 32/32 MP: 5/5
  1104 | D:3      | Found a transporter.
  1104 | D:3      | Noticed ongoing's ghost (amateur CoHu)
  1105 | D:3      | Found a transporter.
  1350 | D:3      | Reached XP level 5. HP: 36/37 MP: 7/7
  1374 | D:3      | Reached skill level 1 in Armour
  1654 | D:3      | HP: 1/38 [gnoll/+0 whip (7)]
  1655 | D:3      | Mangled by a gnoll

Illustrated notes

Levels and vault maps discovered:
D:1:      roderic_chinese_lattice_arrival, layout_loops_cross,
          hangedman_decor_push
D:2:      layout_basic, basic_altar
D:3:      minmay_goblin_kobold_castle, layout_loops_corners,
          gammafunk_ghost_arena, st_stairs_13, uniq_natasha

Skill      XL: |  1  2  3  4  5 |
---------------+----------------+-----
Hexes          | 4 |  4.2
Dodging        | 2 |  2.3
Ranged Weapons | 3 4 |  4.0
Armour         | 1 |  1.1
Fighting       | |  1.7
Short Blades   | |  0.8
Spellcasting   | |  1.5
Fire Magic     | |  1.0

Action                     |  1- 3 |  4- 6 || total
---------------------------+-------+-------++-------
  Melee: Dagger            |       |    17 ||    17
   Fire: Sling             |    82 |    58 ||   140
 Armour: Robe              |    10 |    10 ||    20
         Ring mail         |       |    10 ||    10
  Dodge: Dodged            |    28 |    38 ||    66

Table legend: (Time is in decaauts)
 A = Elapsed time spent in this place.
 B = Non-inter-level travel time spent in this place.
 C = Inter-level travel time spent in this place.
 D = Time resting spent in this place.
 E = Time spent auto-exploring this place.
 F = Levels seen in this place.
 G = Mean time per level.
                   A        B        C        D        E       F      G
               +--------+--------+--------+--------+--------+-----+--------+
         Total |   1686 |   1588 |     98 |      0 |   1206 |   3 |  562.0 |
       Dungeon |   1686 |   1588 |     98 |      0 |   1206 |   3 |  562.0 |
               +--------+--------+--------+--------+--------+-----+--------+

Top non-repeatable levels by time:
     D:1: 659 daAuts
     D:3: 546 daAuts
     D:2: 480 daAuts
